 Dungeon Crawl Stone Soup version 0.30-a0-297-g0ec75d9ef4 (webtiles) character file.

Game seed: 13896750668702603653

103838 Ijustatesigmund the Slicer (level 16, -2/129 HPs)
             Began as a Gnoll Fighter on Oct 17, 2022.
             Was the Champion of Cheibriados.
             Killed from afar by a fire giant (44 damage)
             ... with a fireball
             ... on level 1 of the Depths on Oct 18, 2022.
             The game lasted 01:01:54 (24630 turns).

Ijustatesigmund the Slicer (Gnoll Fighter)         Turns: 24630, Time: 01:01:54

Health: -2/129     AC: 30    Str: 37    XL:     16   Next: 37%
Magic:  21/31      EV: 19    Int: 24    God:    Cheibriados [******]
Gold:   496        SH: 17    Dex: 30    Spells: 35/37 levels left

rFire   . . .      SeeInvis +    a - +9 broad axe (flame)
rCold   + . .      Faith    .    c - +1 kite shield {AC+3}
rNeg    . . .      Spirit   .    X - +0 shadow dragon scales
rPois   .          Reflect  .    g - +2 hat
rElec   .          Harm     .    (no cloak)
rCorr   .          Rampage  .    O - +1 pair of gloves {Dex+3}
Will    +....                    n - +0 pair of boots {Fly}
Stlth   +++++++...               A - amulet of regeneration
HPRegen 1.21/turn                S - ring "Kemausuijo" {rC+ Slay+3 SInv}
MPRegen 0.22/turn                f - +4 ring of protection

@: about to teleport, flying, studying Short Blades, invisible, very slow
A: fangs 1, strong nose, distributed training
a: Renounce Religion, Bend Time, Temporal Distortion, Slouch, Step From Time


You were on level 1 of the Depths.
You worshipped Cheibriados.
Cheibriados was exalted by your worship.
You visited 5 branches of the dungeon, and saw 24 of its levels.
You also visited: Gauntlet.

You collected 2334 gold pieces.
You spent 1838 gold pieces at shops.

Inventory:

Hand Weapons
 a - a +9 broad axe of flaming (weapon)
 v - a +3 flail of holy wrath
 w - a +2 trident of protection
 M - a +6 lajatang of pain
Missiles
 y - 7 curare-tipped darts (quivered)
 K - 2 throwing nets
Armour
 b - a +2 scale mail of cold resistance
 c - a +1 kite shield of protection (worn)
 g - a +2 hat (worn)
 n - a +0 pair of boots of flying (worn)
 q - a +2 kite shield of fire resistance
 O - a +1 pair of gloves of dexterity (worn)
 X - +0 shadow dragon scales (worn)
Jewellery
 f - a +4 ring of protection (right hand)
 k - a ring of flight
 x - a +4 ring of slaying
 A - an amulet of regeneration (around neck)
 N - an amulet of reflection
 S - the ring "Kemausuijo" (left hand) {rC+ Slay+3 SInv}
   (You found it on level 3 of the Lair of Beasts)

   [ring of protection from cold]

   Slay:      It affects your accuracy & damage with ranged weapons and melee
   (+3).
   rC:        It protects you from cold.
   SInv:      It lets you see invisible.
 V - a ring of willpower
Wands
 j - a wand of polymorph (12)
 z - a wand of iceblast (10)
 C - a wand of mindburst (8)
 J - a wand of acid (4)
 L - a wand of paralysis (9)
 Q - a wand of digging (6)
Scrolls
 l - 4 scrolls of teleportation
 o - 3 scrolls of magic mapping
 p - 14 scrolls of identify
 r - a scroll of butterflies
 t - 2 scrolls of silence
 u - 3 scrolls of poison
 E - 2 scrolls of summoning
 F - 3 scrolls of immolation
 P - 6 scrolls of amnesia
 R - 2 scrolls of enchant armour
 U - 2 scrolls of blinking
Potions
 d - 2 potions of might
 e - 2 potions of ambrosia
 h - 6 potions of mutation
 i - 4 potions of attraction
 m - 2 potions of resistance
 s - 6 potions of flight
 B - 2 potions of magic
 D - 6 potions of heal wounds
 G - 6 potions of brilliance
 H - 5 potions of curing
 I - 2 potions of lignification
 T - 3 potions of cancellation
 W - a potion of invisibility


   Skills:
 + Level 12.9 Fighting
 + Level 13.1 Short Blades
 + Level 11.2 Long Blades
 + Level 12.1 Axes
 + Level 11.2 Maces & Flails
 + Level 11.2 Polearms
 + Level 11.2 Staves
 + Level 11.2 Ranged Weapons
 + Level 11.2 Throwing
 + Level 12.9 Armour
 + Level 11.2 Dodging
 + Level 11.2 Stealth
 + Level 12.9 Shields
 + Level 11.2 Unarmed Combat
 + Level 11.2 Spellcasting
 + Level 9.4 Conjurations
 + Level 9.4 Hexes
 + Level 9.4 Summonings
 + Level 9.4 Necromancy
 + Level 9.4 Translocations
 + Level 9.4 Transmutations
 + Level 9.4 Fire Magic
 + Level 9.4 Ice Magic
 + Level 9.4 Air Magic
 + Level 9.4 Earth Magic
 + Level 9.4 Poison Magic
 + Level 12.2 Invocations
 + Level 11.2 Evocations


You had 35 spell levels left.
You knew the following spells:

 Your Spells              Type           Power      Damage    Failure   Level
a - Passwall              Tmut/Erth      46%        N/A       1%          2

Your spell library contained the following spells:

 Spells                   Type           Power      Damage    Failure   Level
 Kiss of Death            Conj/Necr      100%       2d13      1%          1
 Summon Small Mammal      Summ           100%       N/A       1%          1
 Ensorcelled Hibernation  Hex/Ice        100%       N/A       1%          2
 Static Discharge         Conj/Air       100%       2-7/arc   1%          2
 Sublimation of Blood     Necr           56%        N/A       1%          2
 Wereblood                Tmut           56%        N/A       1%          2
 Call Canine Familiar     Summ           56%        N/A       1%          3
 Confusing Touch          Hex            56%        N/A       1%          3
 Inner Flame              Hex/Fire       56%        N/A       1%          3
 Summon Guardian Golem    Hex/Summ       56%        N/A       1%          3
 Swiftness                Air            56%        N/A       1%          3
 Vhi's Electric Charge    Tloc/Air       100%       N/A       1%          3
 Cause Fear               Hex            28%        N/A       5%          4
 Dispel Undead            Necr           56%        3d20      5%          4
 Passage of Golubria      Tloc           56%        N/A       5%          4
 Petrify                  Tmut/Erth      56%        N/A       5%          4
 Summon Lightning Spire   Summ/Air       56%        N/A       5%          4
 Arcjolt                  Conj/Air       28%        1d38      14%         5
 Irradiate                Conj/Tmut      28%        3d21      14%         5
 Lightning Bolt           Conj/Air       28%        1d44      14%         5
 Silence                  Hex/Air        28%        N/A       14%         5
 Storm Form               Tmut/Air       28%        N/A       99%         7
 Summon Hydra             Summ           28%        N/A       99%         7
 Discord                  Hex            28%        N/A       100%        8
 Lehudib's Crystal Spear  Conj/Erth      28%        10d7      100%        8
 Maxwell's Capacitive Co  Air            28%        ∞         100%        8


Dungeon Overview and Level Annotations

Branches:
Dungeon (15/15)            Temple (1/1) D:6            Lair (5/5) D:11
 Shoals (0/4) Lair:2        Snake (0/4) Lair:3        Slime (0/5) Lair:4
    Orc (2/2) D:11            Elf (0/3) Orc:2        Vaults (0/5) D:13
 Depths (1/4) D:15        Gauntlet (visited)

Altars:
Ashenzari
Cheibriados
Dithmenos
Elyvilon
Fedhas
Gozag
Hepliaklqana
Kikubaaqudgha
Makhleb
Nemelex Xobeh
Okawaru
Qazlal
Ru
Sif Muna
Trog
Uskayaw
Vehumet
Wu Jian
Xom
Yredelemnul
Zin
The Shining One
Jiyva

Shops:
D:6 [   D:8 *:**   D:9 =   D:10 !   Orc:2 !=(?*


Innate Abilities, Weirdness & Mutations

You have very sharp teeth.
Your uncanny sense of smell can sniff out nearby items.
Your experience applies equally to all skills.


Message History

The white ugly thing tail-slaps you but does no damage.
You barely miss the cyan ugly thing.
The cyan ugly thing is heavily wounded.
You slash the red ugly thing! You burn the red ugly thing.
You kill the red ugly thing!
Cheibriados thoroughly appreciates the change of pace.
You closely miss the white ugly thing. You hit the cyan ugly thing.
You burn the cyan ugly thing. You closely miss the red ugly thing.
You completely miss the vampire knight.
Your surroundings suddenly seem different.
A queen bee, a wizard and a fire giant come into view.
The wizard is wielding a +1 dagger of venom.
The fire giant is wielding a +2 great sword of flaming.
Found a potion of curing.
Found a stone staircase leading down.
A spark wasp comes into view.
The spark wasp moves out of view.
A stone giant comes into view.
You fade into invisibility!
The stone giant shouts!
The fire giant casts a spell at you.
The fireball explodes!
The fireball engulfs you!!!
* * * LOW HITPOINT WARNING * * *
The stone giant throws a large rock.
You hear a shout!
The spark wasp buzzes angrily.
You hear an angry growl.
You hear a deafening roar!
You hear a shout! x3
The spark wasp buzzes angrily.
You hear a shout!
You feel much better.
You step out of the flow of time.
Cheibriados thoroughly appreciates the change of pace.
You feel a bit more experienced.
You return to the normal time flow.
A small abomination and a large abomination come into view.
A water elemental comes into view.
The large abomination moves out of view.
As you read the scroll of teleportation, it crumbles to dust.
You feel strangely unstable.
The fire giant shouts!
You hear a deafening roar!
You hear an angry buzzing noise.
The fire giant points at you and mumbles some strange words.
The fireball explodes!
The fireball engulfs you!!!
You die...

...........
.........###....
~♣##.......
...............
#..........p.
##............
##.....##..≈...
#......#...≈...
#......C...~≈..
###.........≈~.
#@..C......~.#
.................≈
#
~~~~.............~
~≈≈~.............~
~≈~≈.#.####.X#.##.
~~~.... ∆..###
..E.##. .... .#..
#. ..


You could see 2 fire giants, a large abomination (wandering, unable to see you)
and a water elemental (wandering, unable to see you).

Vanquished Creatures
  A frost giant (Depths:1)
  5 very ugly things (D:15)
  Nessos (D:14)
  A spark wasp (Depths:1)
  A dire elephant (D:15)
  Azrael (D:14)
  A minotaur (Gauntlet)
  Snorg (D:11)
  A fire dragon (Depths:1)
  A great orb of eyes (D:14)
  A vault guard (D:13)
  Erolcha (Orc:1)
  9 hydras
  4 boulder beetles
  8 two-headed ogres
  7 centaur warriors
  5 orc high priests (Orc:2)
  4 tengu warriors
  Urug (D:11)
  A sea snake (Lair:5)
  3 harpies (Lair:5)
  2 wizards (D:14)
  4 orc knights
  A harpy (shapeshifter) (D:13)
  2 deep elf pyromancers
  7 cyclopes
  An orc sorcerer (Orc:1)
  18 ugly things
  4 manticores
  A salamander (D:15)
  A wolf spider (D:14)
  11 elephants
  A guardian serpent (Lair:3)
  3 torpor snails
  Maurice (Orc:1)
  13 cane toads
  2 molten gargoyles (Lair:5)
  A cane toad (shapeshifter) (D:14)
  2 gargoyles
  2 black mambas (Lair:5)
  An unseen horror (shapeshifter) (D:15)
  An unseen horror (D:11)
  3 kobold demonologists
  A yaktaur (shapeshifter) (D:15)
  An efreet (D:15)
  8 komodo dragons
  3 rime drakes
  6 trolls
  8 polar bears
  A tyrant leech (Gauntlet)
  A raiju (shapeshifter) (D:14)
  A raiju (Gauntlet)
  A hornet (D:10)
  14 slime creatures
  3 dream sheep
  8 blink frogs
  A centaur simulacrum (D:14)
  A shadow (D:13)
  A culicivora (shapeshifter) (D:13)
  26 yaks
  3 wraiths
  5 wyverns
  4 fire elementals (D:14)
  2 basilisks
  4 fire bats (Lair:5)
  6 steam dragons
  Edmund (D:4)
  Menkaure (D:7)
  11 vampire mosquitoes
  8 swamp worms
  14 water moccasins
  3 acid dragons
  A floating eye (Depths:1)
  A hell hound (D:14)
  30 orc warriors
  A sky beast (D:7)
  2 black bears
  8 ice beasts
  13 ogres
  13 wolves
  10 centaurs
  2 phantoms
  7 kobold brigands
  15 bullfrogs
  A necrophage (D:5)
  2 scorpions (D:7)
  5 gnoll sergeants
  7 killer bees
  7 electric eels
  11 howler monkeys
  A bullfrog zombie (D:5)
  A centaur zombie (D:5)
  34 orc priests
  11 hounds
  A human zombie (D:5)
  2 gnoll boudas (D:7)
  Jessica (D:3)
  Terence (D:2)
  2 iguanas
  23 orc wizards
  A scorpion zombie (D:5)
  A boggart simulacrum (D:15)
  5 mummies (D:5)
  26 gnolls
  11 adders
  2 ufetubi
  2 adder zombies (D:5)
  3 worms
  A dart slug (D:2)
  85 orcs
  11 endoplasms
  4 giant cockroaches
  8 goblins
  5 hobgoblins
  11 jackals
  22 kobolds
  A quokka (D:2)
  9 ball pythons
  6 bats
  2 frilled lizards
  6 rats
  5 briar patches (Lair:3)
727 creatures vanquished.

Vanquished Creatures (collateral kills)
  A merfolk avatar (Lair:5)
  A manticore (Lair:5)
  5 elephants (Lair:5)
  A polar bear (Lair:5)
  A wind drake (Lair:5)
  2 snapping turtles (Lair:5)
  A basilisk (Lair:5)
  A black bear (D:6)
13 creatures vanquished.

Vanquished Creatures (others)
  An elephant (Lair:5)
  14 fungi
  120 plants
135 creatures vanquished.

Grand Total: 875 creatures vanquished

Notes
Turn   | Place    | Note
-------+----------+-------------------------------------------
     0 | D:1      | Ijustatesigmund the Gnoll Fighter began the quest for the
                  | Orb.
     0 | D:1      | Reached XP level 1. HP: 23/23 MP: 1/1
    47 | D:1      | Reached XP level 2. HP: 29/29 MP: 2/2
   477 | D:1      | Reached XP level 3. HP: 30/35 MP: 3/3
   853 | D:1      | Upgraded the game from 0.30-a0-283-gf371ce1921 to
                  | 0.30-a0-297-g0ec75d9ef4
   958 | D:2      | Reached skill level 1 in Invocations
  1020 | D:2      | Reached skill level 1 in Short Blades
  1020 | D:2      | Reached skill level 1 in Long Blades
  1020 | D:2      | Reached skill level 1 in Maces & Flails
  1020 | D:2      | Reached skill level 1 in Polearms
  1020 | D:2      | Reached skill level 1 in Staves
  1020 | D:2      | Reached skill level 1 in Ranged Weapons
  1020 | D:2      | Reached skill level 1 in Throwing
  1020 | D:2      | Reached skill level 1 in Dodging
  1020 | D:2      | Reached skill level 1 in Stealth
  1020 | D:2      | Reached skill level 1 in Unarmed Combat
  1020 | D:2      | Reached skill level 1 in Spellcasting
  1020 | D:2      | Reached skill level 1 in Evocations
  1131 | D:2      | Reached XP level 4. HP: 39/41 MP: 5/5
  1346 | D:2      | Reached skill level 1 in Conjurations
  1346 | D:2      | Reached skill level 1 in Hexes
  1346 | D:2      | Reached skill level 1 in Summonings
  1346 | D:2      | Reached skill level 1 in Necromancy
  1346 | D:2      | Reached skill level 1 in Translocations
  1346 | D:2      | Reached skill level 1 in Transmutations
  1346 | D:2      | Reached skill level 1 in Fire Magic
  1346 | D:2      | Reached skill level 1 in Ice Magic
  1346 | D:2      | Reached skill level 1 in Air Magic
  1346 | D:2      | Reached skill level 1 in Earth Magic
  1346 | D:2      | Reached skill level 1 in Poison Magic
  1604 | D:2      | Noticed Terence
  1623 | D:2      | Killed Terence
  1697 | D:2      | Found an ornate altar of the Wu Jian Council.
  1701 | D:2      | Reached XP level 5. HP: 38/47 MP: 7/7
  2080 | D:3      | Noticed Jessica
  2088 | D:3      | Killed Jessica
  2359 | D:3      | Reached XP level 6. HP: 47/53 MP: 8/8
  2661 | D:3      | Found a faded altar of an unknown god.
  3006 | D:4      | Reached skill level 5 in Axes
  3152 | D:4      | Reached skill level 2 in Short Blades
  3175 | D:4      | Noticed Edmund
  3194 | D:4      | Killed Edmund
  3366 | D:4      | Found a broken altar of Ashenzari.
  3763 | D:5      | Entered Level 5 of the Dungeon
  3788 | D:5      | Reached XP level 7. HP: 59/60 MP: 10/10
  4528 | D:5      | Found an ancient bone altar of Kikubaaqudgha.
  4595 | D:5      | Reached skill level 3 in Short Blades
  4595 | D:5      | Reached XP level 8. HP: 65/67 MP: 12/12
  5524 | D:6      | Found a staircase to the Ecumenical Temple.
  5532 | Temple   | Entered the Ecumenical Temple
  5536 | Temple   | Became a worshipper of Cheibriados the Contemplative
  6037 | D:6      | Reached XP level 9. HP: 51/73 MP: 14/14
  6285 | D:6      | Reached skill level 4 in Short Blades
  6416 | D:6      | Found Peuralui's Armour Emporium.
  6591 | D:7      | Reached * piety under Cheibriados
  6818 | D:7      | Reached skill level 5 in Invocations
  7115 | D:7      | Reached ** piety under Cheibriados
  7256 | D:7      | Reached skill level 5 in Short Blades
  7256 | D:7      | Reached skill level 5 in Long Blades
  7256 | D:7      | Reached skill level 5 in Maces & Flails
  7256 | D:7      | Reached skill level 5 in Polearms
  7256 | D:7      | Reached skill level 5 in Staves
  7256 | D:7      | Reached skill level 5 in Ranged Weapons
  7256 | D:7      | Reached skill level 5 in Throwing
  7256 | D:7      | Reached skill level 5 in Dodging
  7256 | D:7      | Reached skill level 5 in Stealth
  7256 | D:7      | Reached skill level 5 in Unarmed Combat
  7256 | D:7      | Reached skill level 5 in Spellcasting
  7256 | D:7      | Reached skill level 5 in Evocations
  7356 | D:7      | Reached XP level 10. HP: 51/81 MP: 17/17
  7770 | D:7      | Reached *** piety under Cheibriados
  7978 | D:7      | Noticed a two-headed ogre
  7978 | D:7      | Noticed Menkaure
  7986 | D:7      | Killed a two-headed ogre
  7993 | D:7      | Killed Menkaure
  8883 | D:8      | Found a sacrificial altar of Ru.
  8903 | D:8      | Found Byqeviet's Assorted Antiques.
  8904 | D:8      | Reached **** piety under Cheibriados
  8916 | D:8      | Bought a kite shield for 94 gold pieces
  8916 | D:8      | Bought a potion of heal wounds for 105 gold pieces
  8988 | D:8      | Found Vasso's Assorted Antiques.
  8997 | D:8      | Bought a blackened onyx ring for 145 gold pieces
  8997 | D:8      | Bought a murky cyan potion for 26 gold pieces
  9121 | D:8      | Found Irucib's General Store.
  9133 | D:8      | Bought a scroll of teleportation for 30 gold pieces
  9415 | D:8      | Found Ponixt's Book Emporium.
  9571 | D:9      | Noticed a two-headed ogre
  9581 | D:9      | Killed a two-headed ogre
  9691 | D:9      | Noticed a two-headed ogre
  9707 | D:9      | Reached skill level 6 in Short Blades
  9714 | D:9      | Killed a two-headed ogre
  9715 | D:9      | Reached skill level 5 in Conjurations
  9715 | D:9      | Reached skill level 5 in Hexes
  9715 | D:9      | Reached skill level 5 in Summonings
  9715 | D:9      | Reached skill level 5 in Necromancy
  9715 | D:9      | Reached skill level 5 in Translocations
  9715 | D:9      | Reached skill level 5 in Transmutations
  9715 | D:9      | Reached skill level 5 in Fire Magic
  9715 | D:9      | Reached skill level 5 in Ice Magic
  9715 | D:9      | Reached skill level 5 in Air Magic
  9715 | D:9      | Reached skill level 5 in Earth Magic
  9715 | D:9      | Reached skill level 5 in Poison Magic
  9715 | D:9      | Reached XP level 11. HP: 34/89 MP: 20/20
 10625 | D:9      | Noticed a two-headed ogre
 10634 | D:9      | Killed a two-headed ogre
 10706 | D:9      | Found Donaveco's Jewellery Shoppe.
 10938 | D:9      | Found a basalt altar of Yredelemnul.
 10938 | D:9      | Found an ornate altar of the Wu Jian Council.
 10980 | D:10     | Entered Level 10 of the Dungeon
 11404 | D:10     | Found Kuguc's Distillery.
 11409 | D:10     | Bought a potion of heal wounds for 65 gold pieces
 11736 | D:10     | Reached ***** piety under Cheibriados
 12520 | D:11     | Identified the +3 shortbow "Langihamet" {vorpal, Will-
                  | Int+3 Dex+6}
 12582 | D:11     | Found a staircase to the Orcish Mines.
 12687 | D:11     | Found a staircase to the Lair.
 12697 | Lair:1   | Entered Level 1 of the Lair of Beasts
 12697 | Lair:1   | Noticed a boulder beetle
 12702 | Lair:1   | Killed a boulder beetle
 12848 | Lair:1   | Reached skill level 7 in Short Blades
 12883 | Lair:1   | Reached XP level 12. HP: 66/97 MP: 22/22
 13199 | D:11     | Noticed Urug
 13437 | D:11     | Killed Urug
 13809 | D:12     | Reached skill level 10 in Fighting
 13809 | D:12     | Reached skill level 10 in Armour
 13809 | D:12     | Reached skill level 10 in Shields
 13979 | D:12     | Reached ****** piety under Cheibriados
 14064 | D:12     | Noticed a two-headed ogre
 14077 | D:12     | Killed a two-headed ogre
 14244 | D:12     | Noticed a two-headed ogre
 14253 | D:12     | Killed a two-headed ogre
 14695 | D:13     | Noticed a centaur warrior
 14697 | D:13     | Noticed a centaur warrior
 14705 | D:13     | Noticed a two-headed ogre
 14707 | D:13     | Killed a centaur warrior
 14707 | D:13     | Noticed a vault guard
 14709 | D:13     | Killed a centaur warrior
 14710 | D:13     | Reached skill level 8 in Short Blades
 14728 | D:12     | Killed a two-headed ogre
 14785 | D:13     | Killed a vault guard
 14786 | D:13     | Reached XP level 13. HP: 57/104 MP: 25/25
 14864 | D:13     | Found a gate to the Vaults.
 15320 | D:13     | Identified the +1 leather armour of Saysuass {rF+ Will+}
 15774 | Lair:1   | Identified the -1 helmet "Rozej" {rElec Will+ MP+9 Int-3}
 16049 | Lair:2   | Found a gate leading to a gauntlet.
 16062 | Gauntlet | Entered a Gauntlet
 16062 | Gauntlet | Found a transporter.
 16062 | Gauntlet | Found a transporter.
 16072 | Gauntlet | Found a transporter.
 16072 | Gauntlet | Found a transporter.
 16081 | Gauntlet | Found a transporter.
 16084 | Gauntlet | Found a transporter.
 16146 | Gauntlet | Found a transporter.
 16148 | Gauntlet | Found a large runed translucent door.
 16149 | Gauntlet | Found a large runed translucent door.
 16150 | Gauntlet | Found a large runed translucent door.
 16150 | Gauntlet | Found a large runed translucent door.
 16150 | Gauntlet | Found a runed translucent door.
 16158 | Gauntlet | Found a large runed translucent door.
 16158 | Gauntlet | Found a large runed translucent door.
 16161 | Gauntlet | Found a runed translucent door.
 16162 | Gauntlet | Found a large runed translucent door.
 16162 | Gauntlet | Found a large runed translucent door.
 16162 | Gauntlet | Found a large runed translucent door.
 16162 | Gauntlet | Found a large runed translucent door.
 16163 | Gauntlet | Found a large runed translucent door.
 16164 | Gauntlet | Found a large runed translucent door.
 16170 | Gauntlet | Found a large runed translucent door.
 16170 | Gauntlet | Found a large runed translucent door.
 16170 | Gauntlet | Found a large runed translucent door.
 16170 | Gauntlet | Found a large runed translucent door.
 16171 | Gauntlet | Found a runed translucent gate.
 16171 | Gauntlet | Found a runed translucent gate.
 16171 | Gauntlet | Found a runed translucent gate.
 16177 | Gauntlet | Found a transporter.
 16181 | Gauntlet | Found a transporter.
 16181 | Gauntlet | Found a transporter.
 16221 | Gauntlet | Noticed an entropy weaver
 16235 | Gauntlet | Found a transporter.
 16283 | Gauntlet | Found a transporter.
 16307 | Gauntlet | Found a transporter.
 16326 | Gauntlet | Identified the +3 great sword "Death Rattle" {flame, rN+
                  | Str+2 Stlth-}
 16326 | Gauntlet | Noticed a minotaur
 16342 | Gauntlet | Killed a minotaur
 16347 | Gauntlet | Identified the +0 robe "Reroraul" {+Inv rElec Str+4}
 16486 | Lair:2   | Reached skill level 10 in Axes
 16606 | Lair:2   | Found a staircase to the Shoals.
 16988 | Lair:3   | Reached skill level 9 in Short Blades
 16990 | Lair:3   | Found a staircase to the Snake Pit.
 17166 | Lair:3   | Learned a level 2 spell: Passwall
 17258 | Lair:3   | Found a transporter.
 17357 | Lair:3   | Reached XP level 14. HP: 76/113 MP: 27/27
 17360 | Lair:3   | Reached skill level 10 in Invocations
 17556 | Lair:3   | Found a transporter.
 17641 | Lair:3   | Identified the ring "Kemausuijo" {rC+ Slay+3 SInv}
 18156 | Lair:4   | Found a viscous altar of Jiyva.
 18160 | Lair:4   | Found a staircase to the Slime Pits.
 18345 | Lair:4   | Reached skill level 10 in Short Blades
 18617 | Lair:5   | Entered Level 5 of the Lair of Beasts
 19248 | Lair:5   | Reached skill level 11 in Short Blades
 19248 | Lair:5   | Reached skill level 10 in Long Blades
 19248 | Lair:5   | Reached skill level 10 in Maces & Flails
 19248 | Lair:5   | Reached skill level 10 in Polearms
 19248 | Lair:5   | Reached skill level 10 in Staves
 19248 | Lair:5   | Reached skill level 10 in Ranged Weapons
 19248 | Lair:5   | Reached skill level 10 in Throwing
 19248 | Lair:5   | Reached skill level 10 in Dodging
 19248 | Lair:5   | Reached skill level 10 in Stealth
 19248 | Lair:5   | Reached skill level 10 in Unarmed Combat
 19248 | Lair:5   | Reached skill level 10 in Spellcasting
 19248 | Lair:5   | Reached skill level 10 in Evocations
 20080 | D:14     | Reached XP level 15. HP: 120/120 MP: 29/29
 20176 | D:14     | Noticed Nessos
 20184 | D:14     | Killed Nessos
 20242 | D:14     | Found a white marble altar of Elyvilon.
 20290 | D:14     | Noticed Azrael
 20309 | D:14     | Killed Azrael
 20871 | D:15     | Entered Level 15 of the Dungeon
 21367 | D:15     | Found a staircase to the Depths.
 21412 | D:15     | Reached skill level 12 in Short Blades
 21673 | D:15     | Found a sparkling altar of Nemelex Xobeh.
 21855 | Orc:1    | Entered Level 1 of the Orcish Mines
 21855 | Orc:1    | Noticed Snorg
 21903 | D:11     | Killed Snorg
 22072 | Orc:1    | You are sucked into a shaft and drop 1 floor!
 22072 | Orc:2    | Entered Level 2 of the Orcish Mines
 22073 | Orc:2    | Found Vaidanai's Assorted Antiques.
 22276 | Orc:2    | Noticed Maurice
 22277 | Orc:2    | Noticed Erolcha
 22294 | Orc:1    | Killed Erolcha
 22300 | Orc:1    | Killed Maurice
 22620 | Orc:2    | Bought a pitted plate armour for 840 gold pieces
 22620 | Orc:2    | Identified the +3 plate armour "Cianis" {-Tele rC++ Str+4
                  | Stlth+} (You bought it in a shop on level 2 of the Orcish
                  | Mines)
 22932 | Orc:2    | Found a staircase to the Elven Halls.
 23392 | Orc:2    | Found Kuenenim's Magic Scroll Shoppe.
 23395 | Orc:2    | Found Effaasot's Jewellery Emporium.
 23396 | Orc:2    | Found Weuhoah's Distillery.
 23397 | Orc:2    | Found Alilaos's Weapon Shoppe.
 23400 | Orc:2    | Bought a potion of heal wounds for 85 gold pieces
 23400 | Orc:2    | Bought a potion of heal wounds for 85 gold pieces
 23404 | Orc:2    | Bought a +3 broad axe of flaming for 363 gold pieces
 23929 | D:14     | Reached XP level 16. HP: 129/129 MP: 30/30
 24250 | Depths:1 | Entered Level 1 of the Depths
 24328 | D:15     | Reached skill level 13 in Short Blades
 24630 | Depths:1 | Killed from afar by a fire giant

Illustrated notes

Levels and vault maps discovered:
D:1:      saegor_arrival_fortress, layout_rooms, serial_aquarium,
          aquarium_bridge_straight [aquarium_subvault_bridge,
          aquarium_subvault_wall, aquarium_subvault_bridge,
          aquarium_subvault_window], aquarium_window_fake,
          aquarium_window_corridor_2, aquarium_window_fake, aquarium_window_2,
          aquarium_view_2e, aquarium_pool_four, kennysheep_small_spiral
D:2:      minmay_skewed_foursquare, layout_loops_corners, basic_altar,
          uniq_terence
D:3:      layout_basic, hellmonk_ecumenical_altar_heavens_door, uniq_jessica
D:4:      layout_basic, old_standard_altar, uniq_edmund
D:5:      layout_basic, lemuel_mausoleum_altar_kikubaaqudgha
D:6:      layout_loops_cross, minmay_temple_entry_waves, serial_shops,
          nicolae_square_shop
D:7:      lemuel_castle_with_subvaults [lemuel_castle_interior_carwin_3],
          layout_basic, serial_park_tiny_1, uniq_menkaure
D:8:      layout_basic, nicolae_ru_path_of_blood, serial_shops, kennysheep_mini,
          shop, nicolae_lakefront_shop, shop
D:9:      layout_loops_corners, gammafunk_temple_overflow_pools, serial_bayou,
          serial_bayou_pond_a, serial_bayou_ford_a, serial_bayou_pond_d,
          serial_bayou_lagoon_a, serial_shops, shop
D:10:     layout_stronghold, serial_glass, glass_columns_a, glass_columns_b,
          feat_on_display, unseen_surprise_small, minmay_strange_pillars,
          feat_on_display, serial_shops, kennysheep_little_box
D:11:     layout_long_grid, hellmonk_lair_entry_icy, orc_0_dummy, uniq_urug
D:12:     layout_irregular_city
D:13:     layout_loops_ring, david_vaults_5, kennysheep_pointless_box
D:14:     minmay_isolated_rectangles_in_corner, layout_basic,
          chequers_serial_rivers_micro_c, elyvilon_altar_3, uniq_azrael,
          uniq_nessos
D:15:     hangedman_depths_entry_try_elsewhere_first, layout_basic,
          nemelex_spade_bored_becter
Temple:   sentei_temple_godly_chess
Lair:1:   layout_hall_layers, grunt_megastairs_4, infiniplex_staircase_pool
Lair:2:   layout_misc_corridors, minmay_shoals_entry_centaurs,
          gauntlet_entry_generic
Lair:3:   gammafunk_worm_tunnel, layout_regular_city,
          minmay_snake_entry_spellcaster, grunt_megastairs_5,
          infiniplex_staircase_pool_2, serial_bayou_shore_a
Lair:4:   layout_misc_corridors, slime_entry_1, chequers_serial_rivers_micro_c
Lair:5:   gammafunk_lair_ancient_temple, layout_gridlike
Orc:1:    layout_caves, uniq_snorg
Orc:2:    st_orc_pillars, layout_diamond_mine, serial_shops, nicolae_shop_trees,
          hellmonk_bongcloud_opening, mines2_david, uniq_maurice, uniq_erolcha
Depths:1: layout_cave_pools, enter_ziggurat_d, minmay_room_of_horrors,
          hell_entry, serial_bayou_shore_b, nicolae_elemental_shop,
          statue_in_the_mist_lemuel, chequers_serial_rivers_small_a,
          amcnicky_mini_corridor_feature, serial_bayou_pond_a,
          nzn_wu_jian_council_hall, nicolae_triple_integral

Skill      XL: |  1  2  3  4  5  6  7  8  9 10 11 12 13 14 15 16 |
---------------+-------------------------------------------------+-----
Invocations    | 1 2 3 4 5 6 7 8 9 10 11 12 | 12.2
Short Blades   | 1 2 3 5 6 7 8 9 11 12 13 | 13.1
Long Blades    | 1 2 3 5 6 7 8 9 10 11 | 11.2
Maces & Flails | 1 2 3 5 6 7 8 9 10 11 | 11.2
Polearms       | 1 2 3 5 6 7 8 9 10 11 | 11.2
Staves         | 1 2 3 5 6 7 8 9 10 11 | 11.2
Ranged Weapons | 1 2 3 5 6 7 8 9 10 11 | 11.2
Throwing       | 1 2 3 5 6 7 8 9 10 11 | 11.2
Dodging        | 1 2 3 5 6 7 8 9 10 11 | 11.2
Stealth        | 1 2 3 5 6 7 8 9 10 11 | 11.2
Unarmed Combat | 1 2 3 5 6 7 8 9 10 11 | 11.2
Spellcasting   | 1 2 3 5 6 7 8 9 10 11 | 11.2
Evocations     | 1 2 3 5 6 7 8 9 10 11 | 11.2
Conjurations   | 1 2 3 4 5 6 7 8 9 |  9.4
Hexes          | 1 2 3 4 5 6 7 8 9 |  9.4
Summonings     | 1 2 3 4 5 6 7 8 9 |  9.4
Necromancy     | 1 2 3 4 5 6 7 8 9 |  9.4
Translocations | 1 2 3 4 5 6 7 8 9 |  9.4
Transmutations | 1 2 3 4 5 6 7 8 9 |  9.4
Fire Magic     | 1 2 3 4 5 6 7 8 9 |  9.4
Ice Magic      | 1 2 3 4 5 6 7 8 9 |  9.4
Air Magic      | 1 2 3 4 5 6 7 8 9 |  9.4
Earth Magic    | 1 2 3 4 5 6 7 8 9 |  9.4
Poison Magic   | 1 2 3 4 5 6 7 8 9 |  9.4
Axes           | 5 6 7 8 9 10 11 12 | 12.1
Fighting       | 7 8 9 10 11 12 | 12.9
Armour         | 7 8 9 10 11 12 | 12.9
Shields        | 7 8 9 10 11 12 | 12.9

Action                   |  1- 3 |  4- 6 |  7- 9 | 10-12 | 13-15 | 16-18 || total
-------------------------+-------+-------+-------+-------+-------+-------++-------
Melee: War axe           |    69 |   179 |       |       |       |       ||   248
       Bite              |     8 |    11 |    48 |    96 |   308 |    18 ||   489
       Trident           |       |    12 |   470 |   673 |  1771 |       ||  2926
       Broad axe         |       |       |       |       |     3 |   117 ||   120
Throw: Dart              |       |       |       |     4 |     1 |       ||     5
Invok: Bend Time         |       |       |       |     1 |     2 |       ||     3
       Slouch            |       |       |       |     2 |     5 |       ||     7
       Step From Time    |       |       |       |       |       |     1 ||     1
Evoke: Wand              |       |       |       |     5 |    15 |     2 ||    22
  Use: Potion            |       |       |     4 |     3 |     6 |     2 ||    15
       Scroll            |       |       |    11 |    14 |    15 |     4 ||    44
 Stab: Sleeping          |       |       |       |     3 |    30 |       ||    33
       Distracted        |       |       |       |     1 |     7 |     1 ||     9
       Invisible         |       |       |       |       |     2 |       ||     2
       Paralysed         |       |       |       |       |     1 |       ||     1
Armor: Scale mail        |    23 |       |       |    73 |   477 |       ||   573
       Chain mail        |    17 |    22 |       |       |       |       ||    39
       Plate armour      |       |   124 |   400 |   311 |       |       ||   835
       Shadow dragon sca |       |       |       |       |   158 |    66 ||   224
Dodge: Dodged            |    31 |    55 |   157 |   329 |  1099 |    84 ||  1755
Block: Buckler           |    26 |    60 |   146 |    51 |       |       ||   283
       Kite shield       |       |       |       |   438 |  1540 |   107 ||  2085

Table legend: (Time is in decaauts)
 A = Elapsed time spent in this place.
 B = Non-inter-level travel time spent in this place.
 C = Inter-level travel time spent in this place.
 D = Time resting spent in this place.
 E = Time spent auto-exploring this place.
 F = Levels seen in this place.
 G = Mean time per level.
                   A        B        C        D        E       F      G
               +--------+--------+--------+--------+--------+-----+--------+
         Total |  34877 |  32450 |   2427 |   3413 |  20807 |  25 | 1395.1 |
       Dungeon |  24329 |  22407 |   1922 |   2834 |  15008 |  15 | 1621.9 |
        Temple |     12 |     12 |      0 |      0 |      0 |   1 |   12.0 |
          Lair |   7039 |   6604 |    435 |    341 |   4435 |   5 | 1407.8 |
  Orcish Mines |   2374 |   2306 |     68 |    206 |   1253 |   2 | 1187.0 |
        Depths |    433 |    433 |      0 |     32 |      0 |   1 |  433.0 |
      Gauntlet |    689 |    689 |      0 |      0 |    110 |   1 |  689.0 |
               +--------+--------+--------+--------+--------+-----+--------+

Top non-repeatable levels by time:
     D:7: 2792 daAuts
    D:14: 2638 daAuts
    D:10: 2057 daAuts
     D:9: 1998 daAuts
  Lair:3: 1859 daAuts
    D:11: 1858 daAuts
    D:15: 1807 daAuts
    D:13: 1800 daAuts
  Lair:5: 1649 daAuts
   Orc:2: 1528 daAuts
    D:12: 1394 daAuts
     D:5: 1388 daAuts
  Lair:1: 1358 daAuts
     D:6: 1338 daAuts
     D:8: 1237 daAuts
